 Dungeon Crawl Stone Soup version 0.30.1-11-g7821555f0a (webtiles) character file.

Game seed: 13510052178719136374

10 Martska the Trooper (level 2, 0/24 HPs)
             Began as a Demonspawn Fighter on Dec 10, 2023.
             Slain by a kobold
             ... wielding a +1 dagger of venom
              (2 damage)
             ... on level 1 of the Dungeon.
             The game lasted 00:00:45 (153 turns).

Martska the Trooper (Demonspawn Fighter)             Turns: 153, Time: 00:00:45

Health: 0/24       AC:  6    Str: 16    XL:     2   Next: 10%
Magic:  2/2        EV:  9    Int:  9    God:
Gold:   30         SH:  4    Dex: 12    Spells: 1/1 levels left

rFire   . . .        a - +0 flail
rCold   . . .        c - +0 buckler
rNeg    . . .        b - +0 scale mail
rPois   .            (no helmet)
rElec   .            (no cloak)
rCorr   .            (no gloves)
SInv    .            (no boots)
Will    .....        (no amulet) Stlth
                     (no ring)
HPRegen 0.24/turn    (no ring)
MPRegen 0.08/turn

%: no passive effects
@: lethally poisoned (0 -> -18)
A: claws 1
a: no special abilities


You were on level 1 of the Dungeon.
You visited 1 branch of the dungeon, and saw 1 of its levels.

You collected 30 gold pieces.

Inventory:

Hand Weapons
 a - a +0 flail (weapon)
Armour
 b - a +0 scale mail (worn)
 c - a +0 buckler (worn)
Scrolls
 h - a scroll of magic mapping {unknown}
Potions
 d - a potion of might
 e - a potion of curing
 f - 2 potions of brilliance {unknown}
 g - 2 potions of invisibility {unknown}


   Skills:
 * Level 3.2 Fighting
 - Level 1.7 Maces & Flails
 + Level 2.8 Armour
 * Level 0.7 Dodging
 + Level 2.8 Shields
 * Level 0.0 Unarmed Combat


You had one spell level left.
You didn't know any spells.
Your spell library was empty.

Dungeon Overview and Level Annotations

Branches:
Dungeon (1/15)

Altars:


Innate Abilities, Weirdness & Mutations

You have sharp fingernails.


Message History

You are too injured to fight recklessly!
You are too injured to fight recklessly!
You are too injured to fight recklessly!
You are too injured to fight recklessly!
You are too injured to fight recklessly!
You are too injured to fight recklessly!
You are too injured to fight recklessly!
You are too injured to fight recklessly!
You are too injured to fight recklessly!
You are too injured to fight recklessly!
You are too injured to fight recklessly!
You are too injured to fight recklessly!
You are too injured to fight recklessly!
You are too injured to fight recklessly!
You are too injured to fight recklessly!
You are too injured to fight recklessly!
You are too injured to fight recklessly!
It was a potion of curing.
You feel better. The kobold hits you but does no damage.
You are poisoned.
You closely miss the kobold.
You feel very sick.
The kobold throws a stone.
The stone closely misses you. The kobold closely misses you.
You hit the kobold but do no damage.
You feel sick. The kobold barely misses you. x2
You barely miss the kobold.
You feel sick. The kobold hits you but does no damage.
You are lethally poisoned!
The kobold hits you with a +0 club.
You hit the kobold.
The kobold is heavily wounded.
* * * LOW HITPOINT WARNING * * *
You feel very sick.
The kobold hits you with a +1 dagger of venom.
* * * LOW HITPOINT WARNING * * *
You are more poisoned.
The kobold closely misses you.
The kobold hits you with a +1 dagger of venom.
You die...

#...#.#.# #.# ##...#...#
#.# .....#...# #.#
.....#...####.# .
.....#.<.##...# ..
.....######.### #.#
.............### (.
...............###.#
.......#.#.##...@K.#
..........(.##..K.......
........###.#####.###.##
####.#... ..# .# #......
... .# ####.###.... .#
.. ..


You could see 2 kobolds.

Vanquished Creatures
  3 endoplasms (D:1)
  A goblin (D:1)
  A quokka (D:1)
  A ball python (D:1)
  A bat (D:1)
  2 kobolds (D:1)
9 creatures vanquished.

Notes
Turn   | Place    | Note
-------+----------+-------------------------------------------
     0 | D:1      | Martska the Demonspawn Fighter began the quest for the Orb.
     0 | D:1      | Reached XP level 1. HP: 18/18 MP: 1/1
    93 | D:1      | Gained mutation: You have sharp fingernails. [demonic
                  | ancestry]
    93 | D:1      | Reached XP level 2. HP: 24/24 MP: 2/2
   153 | D:1      | Slain by a kobold

Illustrated notes

Levels and vault maps discovered:
D:1:      wheals_arrival_shading, layout_rooms

Action                     || total
---------------------------++-------
  Melee: Flail             ||    32
    Use: Potion            ||     1
 Armour: Scale mail        ||    17
  Dodge: Dodged            ||    23
  Block: Buckler           ||     6
